 Dungeon Crawl Stone Soup version 0.21-a0-538-gd16b88a (webtiles) character file.

50593 tidbits the Thaumaturge (level 14, -9/118 HPs)
             Began as a Gnoll Earth Elementalist on Dec 16, 2017.
             Was the Champion of Cheibriados.
             Killed themself with a badly aimed iceblast (28 damage)
             ... on level 2 of the Swamp.
             The game lasted 01:21:25 (6684 turns).

tidbits the Thaumaturge (Gnoll Earth Elementalist)  Turns: 6684, Time: 01:21:26

Health: -9/118     AC: 26    Str: 25    XL:     14   Next: 55%
Magic:  2/28       EV: 23    Int: 41    God:    Cheibriados [******]
Gold:   690        SH:  8    Dex: 30    Spells: 4/33 levels left

rFire    . . .     SeeInvis .   a - +0 broad axe (freeze)
rCold    . . .     Gourm    .   D - +0 buckler
rNeg     . . .     Faith    +   B - +3 troll leather armour
rPois    .         Spirit   .   E - +2 helmet
rElec    .         Reflect  .   (no cloak)
rCorr    .         Harm     .   (no gloves)
MR       +....                  (no boots)
Stlth    +++++.....             G - amulet of faith
HPRegen  0.69/turn              U - +4 ring of protection
MPRegen  0.21/turn              W - ring of wizardry

@: icy armour, very slow
A: distributed training, fangs 1, clever 1, deterioration 1, robust 1, strong
nose
a: Bend Time, Temporal Distortion, Slouch, Step From Time, Renounce Religion


You were on level 2 of the Swamp.
You worshipped Cheibriados.
Cheibriados was exalted by your worship.
You were full.

You visited 4 branches of the dungeon, and saw 21 of its levels.
You also visited: Ice Cave.

You collected 729 gold pieces.
You spent 39 gold pieces at shops.

Inventory:

Hand Weapons
 a - a +0 broad axe of freezing (weapon)
   (You found it on level 11 of the Dungeon)
 d - a +0 dagger
 g - a +0 blowgun
 j - a +3 whip of venom
   (You took it off an orc on level 10 of the Dungeon)
 T - a +2 hunting sling of flaming
   (You found it on level 9 of the Dungeon)
 Z - a +1 hand crossbow of velocity
   (You found it on level 11 of the Dungeon)
Missiles
 b - 132 stones (quivered)
 l - 12 curare-tipped needles
 n - 31 tomahawks
 t - 262 arrows
 I - 20 poisoned needles
 M - 96 bolts
Armour
 B - a +3 troll leather armour (worn)
 D - a +0 buckler (worn)
 E - a +2 helmet (worn)
Jewellery
 u - an uncursed ring of protection from fire
   (You found it on level 1 of the Swamp)
 v - an uncursed ring of flight
   (You found it on level 13 of the Dungeon)
 A - an uncursed ring of positive energy
   (You found it on level 4 of the Dungeon)
 C - an uncursed ring of protection from fire
   (You found it on level 4 of the Dungeon)
 G - an amulet of faith (around neck)
   (You found it on level 5 of the Dungeon)
 H - an uncursed ring of protection from magic
   (You took it off a spriggan rider on level 1 of the Swamp)
 U - a +4 ring of protection (left hand)
   (You found it on level 9 of the Dungeon)
 W - a ring of wizardry (right hand)
   (You found it in an ice cave)
Wands
 c - a wand of enslavement (21)
 e - a wand of clouds (2)
 p - a wand of digging (15)
 q - a wand of paralysis (4)
 s - a wand of iceblast (31)
 J - a wand of disintegration (5)
 N - a wand of polymorph (29)
 P - a wand of acid (4)
 S - a wand of flame (43)
Scrolls
 m - a scroll of immolation
 o - 7 scrolls of teleportation
 r - 4 scrolls of remove curse
 K - a scroll of vulnerability
 V - a scroll of fog
 X - 3 scrolls of fear
Potions
 f - 6 potions of agility
 k - 7 potions of curing
 w - 2 potions of flight
 x - 2 potions of heal wounds
 z - a potion of ambrosia
 F - 2 potions of cancellation
 L - a potion of lignification {unknown}
 Q - a potion of invisibility
Books
 h - a book of Ice
   (You found it in an ice cave)

   Spells                             Type                      Level
   a - Ice Form                       Ice/Transmutation            4
   b - Metabolic Englaciation         Hexes/Ice                    5
   c - Ozocubu's Refrigeration        Ice                          6
   d - Bolt of Cold                   Conjuration/Ice              6
   e - Freezing Cloud                 Conjuration/Ice/Air          6
   f - Simulacrum                     Ice/Necromancy               6
 O - a book of Frost
   (You found it on level 8 of the Dungeon)

   Spells                             Type                      Level
   a - Freeze                         Ice                          1
   b - Throw Frost                    Conjuration/Ice              2
   c - Ozocubu's Armour               Charms/Ice                   3
   d - Throw Icicle                   Conjuration/Ice              4
   e - Summon Ice Beast               Ice/Summoning                4
 R - a book of Air
   (You found it on level 14 of the Dungeon)

   Spells                             Type                      Level
   a - Shock                          Conjuration/Air              1
   b - Swiftness                      Charms/Air                   2
   c - Static Discharge               Conjuration/Air              3
   d - Airstrike                      Air                          4
   e - Lightning Bolt                 Conjuration/Air              5
 Y - a book of Fire
   (You found it on level 11 of the Dungeon)

   Spells                             Type                      Level
   a - Ignite Poison                  Fire/Transmutation/Poison    3
   b - Fireball                       Conjuration/Fire             5
   c - Bolt of Fire                   Conjuration/Fire             6
   d - Ring of Flames                 Charms/Fire                  7
   e - Ignition                       Fire                         8
Miscellaneous
 i - a phantom mirror
Comestibles
 y - 10 bread rations


   Skills:
 + Level 9.2 Fighting
 + Level 9.2 Short Blades
 + Level 9.2 Long Blades
 + Level 9.2 Axes
 + Level 9.2 Maces & Flails
 + Level 9.2 Polearms
 + Level 9.2 Staves
 + Level 9.2 Slings
 + Level 9.2 Bows
 + Level 9.2 Crossbows
 + Level 9.2 Throwing
 + Level 9.2 Armour
 + Level 10.2 Dodging
 + Level 10.1 Stealth
 + Level 9.2 Shields
 + Level 9.2 Unarmed Combat
 + Level 10.4 Spellcasting
 + Level 7.6 Conjurations
 + Level 7.6 Hexes
 + Level 7.6 Charms
 + Level 7.6 Summonings
 + Level 7.6 Necromancy
 + Level 7.6 Translocations
 + Level 8.0 Transmutations
 + Level 7.6 Fire Magic
 + Level 7.6 Ice Magic
 + Level 7.6 Air Magic
 + Level 9.4 Earth Magic
 + Level 7.6 Poison Magic
 + Level 10.0 Invocations
 + Level 9.2 Evocations


You had 4 spell levels left.
You knew the following spells:

 Your Spells              Type           Power        Failure   Level  Hunger
a - Sandblast             Erth           ######       1%          1    None
f - Fireball              Conj/Fire      ######....   1%          5    None
o - Ozocubu's Armour      Chrm/Ice       ######..     1%          3    None
p - Petrify               Tmut/Erth      #######.     1%          4    None
t - Stone Arrow           Conj/Erth      ######       1%          3    None
w - Passwall              Tmut/Erth      #######...   1%          2    None
D - Lee's Rapid Deconstr  Erth           #######...   1%          5    None
S - Simulacrum            Ice/Necr       ######....   4%          6    ####...


Dungeon Overview and Level Annotations

Branches:
Dungeon (15/15)            Temple (1/1) D:7            Lair (3/6) D:8
  Swamp (2/4) Lair:2       Vaults (0/5) D:14
  Snake: Lair:2-4    Spider: Lair:2-4       Orc: D:9-12      Depths: D:15

Altars:
Cheibriados
Dithmenos
Elyvilon
Hepliaklqana
Nemelex Xobeh
Qazlal
Trog
Uskayaw
Vehumet
Wu Jian
Yredelemnul

Shops:
D:4 *


Innate Abilities, Weirdness & Mutations

Your experience applies equally to all skills.
You have very sharp teeth.
Your uncanny sense of smell can sniff out nearby items.
Your mind is acute. (Int +2)
Your body sometimes deteriorates upon taking damage.
You are robust. (+10% HP)


Message History

Aiming: Sandblast
Press: ? - help, Shift-Dir - straight line, f/p - shambling mangrove
Aim: a shambling mangrove (moderately damaged)
The blast of sand hits the shambling mangrove.
The shambling mangrove is moderately damaged.
b - 132 stones You block the shambling mangrove's attack.
Unknown command.
Evoke which item? (* to show all) (? for menu, Esc to quit)
Aiming: Disintegrate
Press: ? - help, Shift-Dir - straight line, f/p - shambling mangrove
Aim: a shambling mangrove (moderately damaged, chance to defeat MR: 28%)
The shambling mangrove easily resists.
You block the shambling mangrove's attack.
A bog body comes into view.
Evoke which item? (* to show all) (? for menu, Esc to quit)
Aiming: Iceblast
Press: ? - help, Shift-Dir - straight line, p - shambling mangrove The mass of ice explodes!
The iceblast engulfs the shambling mangrove.
The shambling mangrove is heavily damaged.
Evoke which item? (* to show all) (? for menu, Esc to quit)
Aiming: Iceblast
Press: ? - help, Shift-Dir - straight line The mass of ice explodes!
The iceblast engulfs the shambling mangrove.
The shambling mangrove is heavily damaged.
Angry insects surge out from beneath the shambling mangrove's foliage!
The shambling mangrove hits you but does no damage.
Unknown command.
Evoke which item? (* to show all) (? for menu, Esc to quit)
Aiming: Iceblast
Press: ? - help, Shift-Dir - straight line The mass of ice explodes!
The iceblast engulfs the hornet.
The hornet is lightly wounded.
The iceblast engulfs the shambling mangrove.
The shambling mangrove is severely damaged.
The ground creaks as gnarled roots bulge its surface.
The shambling mangrove misses you. The hornet misses you.
Unknown command.
Unknown command.
Evoke which item? (* to show all) (? for menu, Esc to quit)
Okay, then.
Unknown command.
Okay, then.
Unknown command.
Evoke which item? (* to show all) (? for menu, Esc to quit)
Okay, then.
Unknown command.
Put on which piece of jewellery? (? for menu, Esc to quit)
Okay, then.
Unknown command.
Unknown command.
Evoke which item? (* to show all) (? for menu, Esc to quit)
Aiming: Dig
Press: ? - help, Shift-Dir - straight line, f - you
Okay, then.
Unknown command.
Evoke which item? (* to show all) (? for menu, Esc to quit)
Aiming: Iceblast
Press: ? - help, Shift-Dir - straight line, f - shambling mangrove
Aim: a shambling mangrove (severely damaged) That beam is likely to hit you.
Continue anyway?
The mass of ice explodes!
The iceblast engulfs the shambling mangrove.
The shambling mangrove is almost destroyed.
The iceblast engulfs the hornet.
The hornet is severely wounded.
The iceblast engulfs the hornet.
The hornet is almost dead.
The iceblast engulfs the hornet.
The hornet is severely wounded.
The iceblast engulfs you!
* * * LOW HITPOINT WARNING * * *
You block the hornet's attack. x2; The hornet barely misses you.
The shambling mangrove hits you!
* * * LOW HITPOINT WARNING * * *
The hornet stings you but does no damage.
Evoke which item? (* to show all) (? for menu, Esc to quit)
Aiming: Iceblast
Press: ? - help, Shift-Dir - straight line, f/p - shambling mangrove
Aim: a shambling mangrove (almost destroyed) That beam is likely to hit you.
Continue anyway?
The mass of ice explodes!
The iceblast engulfs the shambling mangrove.
You destroy the shambling mangrove!
Cheibriados thoroughly appreciates the change of pace.
The grasping roots settle back into the ground.
The iceblast engulfs the hornet.
You kill the hornet!
Cheibriados thoroughly appreciates the change of pace.
Your Invocations skill increases to level 10!
The iceblast engulfs the hornet.
You kill the hornet!
Cheibriados thoroughly appreciates the change of pace.
The iceblast engulfs the hornet.
You kill the hornet!
Cheibriados thoroughly appreciates the change of pace.
The iceblast engulfs you!
You die...

♣♣♣♣ ♣♣♣♣..♣
♣♣≈.≈.♣♣
♣♣≈≈.≈♣♣
♣♣..@.♣♣
♣♣≈.†.†♣
♣....<.♣
♣.≈≈...♣
♣..≈n.≈≈≈♣
♣.≈..≈.♣≈§.♣
♣.≈≈≈≈≈.≈≈.♣
..§≈≈.≈≈≈≈.♣
.≈≈≈.≈≈ ≈♣.♣


You could see a bog body.

Vanquished Creatures
  A hydra (Lair:2)
  3 centaur warriors
  7 two-headed ogres
  2 alligators (Swamp:1)
  A tengu warrior (D:14)
  Urug (Lair:2)
  3 death yaks (Lair:2)
  A phantasmal warrior (D:13)
  3 shambling mangroves
  Pikel (D:8)
  2 necromancers
  A deep elf mage (D:13)
  4 cyclopes
  2 manticores
  4 ugly things
  An ice statue (IceCv)
  3 elephants (Lair:2)
  A black mamba (Lair:2)
  5 spiny frogs
  A gargoyle (D:11)
  2 rime drakes
  10 freezing wraiths (IceCv)
  2 komodo dragons
  A wolf spider simulacrum (D:13)
  A tyrant leech (Swamp:1)
  3 trolls
  8 hornets
  4 slime creatures
  12 dream sheep (Lair:2)
  4 bog bodies (Swamp:1)
  5 hippogriffs
  32 yaks
  A spriggan (D:7)
  2 vampires (D:14)
  3 wraiths
  2 wyverns (D:10)
  3 hungry ghosts
  8 vampire mosquitoes (Swamp:1)
  2 basilisks
  2 swamp worms (Swamp:1)
  6 insubstantial wisps (Swamp:2)
  6 water moccasins
  6 porcupines
  4 orc warriors
  4 sky beasts
  A swamp drake (Swamp:2)
  A black bear (D:9)
  13 ice beasts
  2 necrophages
  6 wolves
  4 phantoms
  7 centaurs
  7 crocodiles
  2 big kobolds
  9 bullfrogs
  A water moccasin zombie (D:8)
  An elephant simulacrum (IceCv)
  4 killer bees (D:11)
  A swamp dragon simulacrum (IceCv)
  A howler monkey (D:9)
  An electric eel (Lair:2)
  6 crimson imps
  2 bullfrog zombies
  A centaur zombie (D:5)
  4 draconian simulacra (IceCv)
  6 hounds
  2 jellies (D:10)
  A gnoll shaman (D:6)
  2 bullfrog skeletons (D:12)
  8 orc priests
  A centaur skeleton (D:5)
  2 iguanas
  10 orc wizards
  4 troll simulacra (IceCv)
  4 worker ants
  A polar bear simulacrum (IceCv)
  2 spriggan simulacra (IceCv)
  A wolf simulacrum (IceCv)
  3 centaur simulacra (IceCv)
  A killer bee zombie (D:8)
  A bullfrog simulacrum (D:13)
  A hound zombie (D:7)
  3 worker ant zombies
  3 gnolls
  3 ogre simulacra (IceCv)
  4 adders
  4 naga simulacra (IceCv)
  A shadow imp (D:10)
  12 white imps
  2 ufetubi (D:13)
  An ooze (D:2)
  2 adder skeletons (D:4)
  A dart slug (D:2)
  4 leopard geckos
  39 orcs
  3 bats
  2 giant cockroaches
  2 goblins (D:2)
  3 hobgoblins
  7 jackals
  4 quokkas
  A ball python (D:7)
  4 frilled lizards
  12 kobolds
  A leopard gecko skeleton (D:8)
  2 quokka skeletons (D:4)
  3 rats
427 creatures vanquished.

Vanquished Creatures (collateral kills)
  A ghost crab (Swamp:1)
  2 spiny frogs (Swamp:1)
  2 hornets (Swamp:1)
  A spriggan (Swamp:1)
  3 orcs (D:11)
  3 kobolds (D:11)
12 creatures vanquished.

Vanquished Creatures (others)
  An orc warrior (D:11)
  A slave (D:8)
  A hound (D:8)
  3 fungi
  6 plants
12 creatures vanquished.

Grand Total: 451 creatures vanquished

Notes
Turn   | Place    | Note
-------+----------+-------------------------------------------
     0 | D:1      | tidbits the Gnoll Earth Elementalist began the quest for the Orb.
     0 | D:1      | Reached XP level 1. HP: 13/13 MP: 6/6
    99 | D:1      | Reached skill level 2 in Transmutations
   213 | D:1      | Reached XP level 2. HP: 19/19 MP: 5/7
   217 | D:1      | Learned a level 2 spell: Passwall
   362 | D:2      | Reached XP level 3. HP: 24/25 MP: 1/9
   367 | D:2      | Learned a level 3 spell: Stone Arrow
   382 | D:2      | Reached skill level 5 in Spellcasting
   445 | D:4      | Reached skill level 1 in Invocations
   479 | D:3      | Reached skill level 1 in Fighting
   479 | D:3      | Reached skill level 1 in Short Blades
   479 | D:3      | Reached skill level 1 in Long Blades
   479 | D:3      | Reached skill level 1 in Axes
   479 | D:3      | Reached skill level 1 in Maces & Flails
   479 | D:3      | Reached skill level 1 in Polearms
   479 | D:3      | Reached skill level 1 in Staves
   479 | D:3      | Reached skill level 1 in Slings
   479 | D:3      | Reached skill level 1 in Bows
   479 | D:3      | Reached skill level 1 in Crossbows
   479 | D:3      | Reached skill level 1 in Throwing
   479 | D:3      | Reached skill level 1 in Armour
   479 | D:3      | Reached skill level 1 in Shields
   479 | D:3      | Reached skill level 1 in Unarmed Combat
   479 | D:3      | Reached skill level 1 in Evocations
   491 | D:2      | Reached XP level 4. HP: 28/32 MP: 0/11
   500 | D:2      | Found a hide-covered altar of Uskayaw.
   784 | D:4      | Reached skill level 1 in Conjurations
   784 | D:4      | Reached skill level 1 in Hexes
   784 | D:4      | Reached skill level 1 in Charms
   784 | D:4      | Reached skill level 1 in Summonings
   784 | D:4      | Reached skill level 1 in Necromancy
   784 | D:4      | Reached skill level 1 in Translocations
   784 | D:4      | Reached skill level 1 in Fire Magic
   784 | D:4      | Reached skill level 1 in Ice Magic
   784 | D:4      | Reached skill level 1 in Air Magic
   784 | D:4      | Reached skill level 1 in Poison Magic
   815 | D:5      | Entered Level 5 of the Dungeon
   819 | D:5      | Reached XP level 5. HP: 37/37 MP: 9/12
   930 | D:4      | Found Tbloa's Tempting Trifles.
   945 | D:4      | Bought a scroll of teleportation for 39 gold pieces
  1038 | D:5      | Reached XP level 6. HP: 14/44 MP: 8/13
  1060 | D:5      | Reached skill level 2 in Invocations
  1100 | D:5      | Found a basalt altar of Yredelemnul.
  1135 | D:6      | Reached skill level 2 in Fighting
  1135 | D:6      | Reached skill level 2 in Short Blades
  1135 | D:6      | Reached skill level 2 in Long Blades
  1135 | D:6      | Reached skill level 2 in Axes
  1135 | D:6      | Reached skill level 2 in Maces & Flails
  1135 | D:6      | Reached skill level 2 in Polearms
  1135 | D:6      | Reached skill level 2 in Staves
  1135 | D:6      | Reached skill level 2 in Slings
  1135 | D:6      | Reached skill level 2 in Bows
  1135 | D:6      | Reached skill level 2 in Crossbows
  1135 | D:6      | Reached skill level 2 in Throwing
  1135 | D:6      | Reached skill level 2 in Armour
  1135 | D:6      | Reached skill level 5 in Dodging
  1135 | D:6      | Reached skill level 2 in Shields
  1135 | D:6      | Reached skill level 2 in Unarmed Combat
  1135 | D:6      | Reached skill level 2 in Evocations
  1139 | D:6      | HP: 3/44 [something (2)]
  1373 | D:6      | Reached XP level 7. HP: 26/50 MP: 9/15
  1435 | D:7      | Found a staircase to the Ecumenical Temple.
  1454 | Temple   | Entered the Ecumenical Temple
  1467 | Temple   | Became a worshipper of Cheibriados the Contemplative
  1485 | D:7      | Reached skill level 2 in Conjurations
  1485 | D:7      | Reached skill level 2 in Hexes
  1485 | D:7      | Reached skill level 2 in Charms
  1485 | D:7      | Reached skill level 2 in Summonings
  1485 | D:7      | Reached skill level 2 in Necromancy
  1485 | D:7      | Reached skill level 2 in Translocations
  1485 | D:7      | Reached skill level 2 in Fire Magic
  1485 | D:7      | Reached skill level 2 in Ice Magic
  1485 | D:7      | Reached skill level 2 in Air Magic
  1485 | D:7      | Reached skill level 2 in Poison Magic
  1572 | D:7      | Noticed a hippogriff
  1577 | D:7      | Killed a hippogriff
  1577 | D:7      | Reached skill level 5 in Stealth
  1577 | D:7      | Reached skill level 3 in Transmutations
  1577 | D:7      | Reached skill level 3 in Invocations
  1595 | D:7      | Found a hazy altar of Hepliaklqana.
  1614 | D:7      | Noticed a spriggan baker
  1616 | D:7      | Killed a spriggan baker
  1616 | D:7      | Reached skill level 6 in Earth Magic
  1616 | D:7      | Reached XP level 8. HP: 41/57 MP: 12/16
  1700 | D:8      | Reached skill level 3 in Fighting
  1700 | D:8      | Reached skill level 3 in Short Blades
  1700 | D:8      | Reached skill level 3 in Long Blades
  1700 | D:8      | Reached skill level 3 in Axes
  1700 | D:8      | Reached skill level 3 in Maces & Flails
  1700 | D:8      | Reached skill level 3 in Polearms
  1700 | D:8      | Reached skill level 3 in Staves
  1700 | D:8      | Reached skill level 3 in Slings
  1700 | D:8      | Reached skill level 3 in Bows
  1700 | D:8      | Reached skill level 3 in Crossbows
  1700 | D:8      | Reached skill level 3 in Throwing
  1700 | D:8      | Reached skill level 3 in Armour
  1700 | D:8      | Reached skill level 3 in Shields
  1700 | D:8      | Reached skill level 3 in Unarmed Combat
  1700 | D:8      | Reached skill level 3 in Evocations
  1750 | D:8      | Found a stormy altar of Qazlal.
  1754 | D:8      | Noticed a hornet
  1757 | D:8      | Noticed Pikel
  1767 | D:8      | Killed Pikel
  1767 | D:8      | Reached skill level 6 in Spellcasting
  1767 | D:8      | Reached skill level 4 in Invocations
  1840 | D:9      | Found a bloodstained altar of Trog.
  1855 | D:8      | Noticed a hippogriff
  1865 | D:8      | Killed a hippogriff
  1865 | D:8      | Reached skill level 6 in Dodging
  1865 | D:8      | Reached skill level 3 in Conjurations
  1865 | D:8      | Reached skill level 3 in Hexes
  1865 | D:8      | Reached skill level 3 in Charms
  1865 | D:8      | Reached skill level 3 in Summonings
  1865 | D:8      | Reached skill level 3 in Necromancy
  1865 | D:8      | Reached skill level 3 in Translocations
  1865 | D:8      | Reached skill level 3 in Fire Magic
  1865 | D:8      | Reached skill level 3 in Ice Magic
  1865 | D:8      | Reached skill level 3 in Air Magic
  1865 | D:8      | Reached skill level 3 in Poison Magic
  1865 | D:8      | Reached XP level 9. HP: 42/65 MP: 12/18
  1867 | D:8      | Reached * piety under Cheibriados
  1969 | D:8      | Reached skill level 4 in Fighting
  1969 | D:8      | Reached skill level 4 in Short Blades
  1969 | D:8      | Reached skill level 4 in Long Blades
  1969 | D:8      | Reached skill level 4 in Axes
  1969 | D:8      | Reached skill level 4 in Maces & Flails
  1969 | D:8      | Reached skill level 4 in Polearms
  1969 | D:8      | Reached skill level 4 in Staves
  1969 | D:8      | Reached skill level 4 in Slings
  1969 | D:8      | Reached skill level 4 in Bows
  1969 | D:8      | Reached skill level 4 in Crossbows
  1969 | D:8      | Reached skill level 4 in Throwing
  1969 | D:8      | Reached skill level 4 in Armour
  1969 | D:8      | Reached skill level 4 in Shields
  1969 | D:8      | Reached skill level 4 in Unarmed Combat
  1969 | D:8      | Reached skill level 4 in Transmutations
  1969 | D:8      | Reached skill level 4 in Evocations
  2017 | D:8      | Found a radiant altar of Vehumet.
  2046 | D:9      | Reached skill level 6 in Stealth
  2052 | D:9      | Noticed a two-headed ogre
  2055 | D:9      | Killed a two-headed ogre
  2055 | D:9      | Reached skill level 5 in Invocations
  2184 | D:10     | Entered Level 10 of the Dungeon
  2187 | D:10     | Reached ** piety under Cheibriados
  2187 | D:10     | Reached XP level 10. HP: 73/73 MP: 18/20
  2193 | D:10     | Reached skill level 7 in Spellcasting
  2313 | D:11     | Learned a level 3 spell: Ozocubu's Armour
  2319 | D:11     | Learned a level 5 spell: Lee's Rapid Deconstruction
  2324 | D:11     | Learned a level 4 spell: Petrify
  2338 | D:11     | Reached skill level 4 in Conjurations
  2338 | D:11     | Reached skill level 4 in Hexes
  2338 | D:11     | Reached skill level 4 in Charms
  2338 | D:11     | Reached skill level 4 in Summonings
  2338 | D:11     | Reached skill level 4 in Necromancy
  2338 | D:11     | Reached skill level 4 in Translocations
  2338 | D:11     | Reached skill level 4 in Fire Magic
  2338 | D:11     | Reached skill level 4 in Ice Magic
  2338 | D:11     | Reached skill level 4 in Air Magic
  2338 | D:11     | Reached skill level 4 in Poison Magic
  2409 | D:11     | Noticed a cyclops
  2486 | D:11     | Reached *** piety under Cheibriados
  2488 | D:11     | Reached skill level 5 in Fighting
  2488 | D:11     | Reached skill level 5 in Short Blades
  2488 | D:11     | Reached skill level 5 in Long Blades
  2488 | D:11     | Reached skill level 5 in Axes
  2488 | D:11     | Reached skill level 5 in Maces & Flails
  2488 | D:11     | Reached skill level 5 in Polearms
  2488 | D:11     | Reached skill level 5 in Staves
  2488 | D:11     | Reached skill level 5 in Slings
  2488 | D:11     | Reached skill level 5 in Bows
  2488 | D:11     | Reached skill level 5 in Crossbows
  2488 | D:11     | Reached skill level 5 in Throwing
  2488 | D:11     | Reached skill level 5 in Armour
  2488 | D:11     | Reached skill level 5 in Shields
  2488 | D:11     | Reached skill level 5 in Unarmed Combat
  2488 | D:11     | Reached skill level 5 in Evocations
  2501 | D:11     | Noticed a gargoyle
  2512 | D:11     | Killed a gargoyle
  2532 | D:11     | Noticed a manticore
  2533 | D:11     | Reached skill level 7 in Earth Magic
  2536 | D:11     | Killed a manticore
  2536 | D:11     | Reached skill level 7 in Dodging
  2622 | D:11     | Killed a cyclops
  2625 | D:11     | Reached skill level 5 in Transmutations
  2762 | D:10     | Reached skill level 6 in Invocations
  2823 | D:10     | Reached skill level 7 in Stealth
  2824 | D:10     | Reached **** piety under Cheibriados
  2956 | D:10     | Noticed a two-headed ogre
  2959 | D:10     | Killed a two-headed ogre
  2959 | D:10     | Reached XP level 11. HP: 81/81 MP: 13/22
  3009 | D:10     | Reached skill level 6 in Fighting
  3009 | D:10     | Reached skill level 6 in Short Blades
  3009 | D:10     | Reached skill level 6 in Long Blades
  3009 | D:10     | Reached skill level 6 in Axes
  3009 | D:10     | Reached skill level 6 in Maces & Flails
  3009 | D:10     | Reached skill level 6 in Polearms
  3009 | D:10     | Reached skill level 6 in Staves
  3009 | D:10     | Reached skill level 6 in Slings
  3009 | D:10     | Reached skill level 6 in Bows
  3009 | D:10     | Reached skill level 6 in Crossbows
  3009 | D:10     | Reached skill level 6 in Throwing
  3009 | D:10     | Reached skill level 6 in Armour
  3009 | D:10     | Reached skill level 6 in Shields
  3009 | D:10     | Reached skill level 6 in Unarmed Combat
  3009 | D:10     | Reached skill level 6 in Evocations
  3099 | D:10     | Reached ***** piety under Cheibriados
  3099 | D:10     | Reached skill level 5 in Conjurations
  3099 | D:10     | Reached skill level 5 in Hexes
  3099 | D:10     | Reached skill level 5 in Charms
  3099 | D:10     | Reached skill level 5 in Summonings
  3099 | D:10     | Reached skill level 5 in Necromancy
  3099 | D:10     | Reached skill level 5 in Translocations
  3099 | D:10     | Reached skill level 5 in Fire Magic
  3099 | D:10     | Reached skill level 5 in Ice Magic
  3099 | D:10     | Reached skill level 5 in Air Magic
  3099 | D:10     | Reached skill level 5 in Poison Magic
  3102 | D:10     | Gained mutation: Your mind is acute. (Int +2) [mutagenic meat]
  3103 | D:10     | Gained mutation: Your body sometimes deteriorates upon taking damage. [mutagenic meat]
  3105 | D:10     | Gained mutation: You are robust. (+10% HP) [mutagenic meat]
  3127 | D:10     | Noticed a two-headed ogre
  3132 | D:10     | Killed a two-headed ogre
  3132 | D:10     | Reached skill level 8 in Spellcasting
  3211 | D:12     | Noticed a two-headed ogre
  3224 | D:12     | Killed a two-headed ogre
  3234 | D:13     | Found a frozen archway.
  3250 | D:13     | Learned a level 5 spell: Fireball
  3262 | IceCv    | Entered an ice cave
  3364 | IceCv    | Reached skill level 7 in Invocations
  3370 | IceCv    | Found an ancient bone altar of Kikubaaqudgha.
  3429 | IceCv    | Reached skill level 8 in Dodging
  3746 | IceCv    | Reached ****** piety under Cheibriados
  3833 | IceCv    | Reached skill level 8 in Stealth
  3833 | IceCv    | Reached skill level 6 in Transmutations
  3863 | IceCv    | Noticed a necromancer
  3877 | IceCv    | Killed a necromancer
  3877 | IceCv    | Reached XP level 12. HP: 58/97 MP: 4/24
  3920 | IceCv    | Reached skill level 8 in Earth Magic
  4099 | D:14     | Reached skill level 7 in Fighting
  4099 | D:14     | Reached skill level 7 in Short Blades
  4099 | D:14     | Reached skill level 7 in Long Blades
  4099 | D:14     | Reached skill level 7 in Axes
  4099 | D:14     | Reached skill level 7 in Maces & Flails
  4099 | D:14     | Reached skill level 7 in Polearms
  4099 | D:14     | Reached skill level 7 in Staves
  4099 | D:14     | Reached skill level 7 in Slings
  4099 | D:14     | Reached skill level 7 in Bows
  4099 | D:14     | Reached skill level 7 in Crossbows
  4099 | D:14     | Reached skill level 7 in Throwing
  4099 | D:14     | Reached skill level 7 in Armour
  4099 | D:14     | Reached skill level 7 in Shields
  4099 | D:14     | Reached skill level 7 in Unarmed Combat
  4099 | D:14     | Reached skill level 7 in Evocations
  4170 | D:14     | Noticed a centaur warrior
  4179 | D:14     | Killed a centaur warrior
  4206 | D:14     | Noticed a tengu warrior
  4223 | D:14     | Killed a tengu warrior
  4232 | D:14     | Reached skill level 6 in Conjurations
  4232 | D:14     | Reached skill level 6 in Hexes
  4232 | D:14     | Reached skill level 6 in Charms
  4232 | D:14     | Reached skill level 6 in Summonings
  4232 | D:14     | Reached skill level 6 in Necromancy
  4232 | D:14     | Reached skill level 6 in Translocations
  4232 | D:14     | Reached skill level 6 in Fire Magic
  4232 | D:14     | Reached skill level 6 in Ice Magic
  4232 | D:14     | Reached skill level 6 in Air Magic
  4232 | D:14     | Reached skill level 6 in Poison Magic
  4257 | D:14     | Found a gate to the Vaults.
  4258 | D:14     | Reached skill level 8 in Invocations
  4285 | D:15     | Entered Level 15 of the Dungeon
  4338 | D:14     | Reached skill level 9 in Spellcasting
  4377 | D:13     | Noticed a centaur warrior
  4398 | D:13     | Killed a centaur warrior
  4451 | D:12     | Noticed a two-headed ogre
  4476 | D:13     | Noticed an anaconda
  4509 | D:13     | Reached skill level 9 in Dodging
  4534 | D:13     | Noticed a death knight
  4541 | D:13     | Reached XP level 13. HP: 72/107 MP: 11/26
  4637 | D:13     | Found a white marble altar of Elyvilon.
  4719 | D:13     | Reached skill level 9 in Stealth
  4792 | D:13     | Reached skill level 7 in Transmutations
  4892 | D:12     | Reached skill level 8 in Fighting
  4892 | D:12     | Reached skill level 8 in Short Blades
  4892 | D:12     | Reached skill level 8 in Long Blades
  4892 | D:12     | Reached skill level 8 in Axes
  4892 | D:12     | Reached skill level 8 in Maces & Flails
  4892 | D:12     | Reached skill level 8 in Polearms
  4892 | D:12     | Reached skill level 8 in Staves
  4892 | D:12     | Reached skill level 8 in Slings
  4892 | D:12     | Reached skill level 8 in Bows
  4892 | D:12     | Reached skill level 8 in Crossbows
  4892 | D:12     | Reached skill level 8 in Throwing
  4892 | D:12     | Reached skill level 8 in Armour
  4892 | D:12     | Reached skill level 8 in Shields
  4892 | D:12     | Reached skill level 8 in Unarmed Combat
  4892 | D:12     | Reached skill level 8 in Evocations
  5236 | D:9      | Found a shadowy altar of Dithmenos.
  5254 | D:9      | Found a sparkling altar of Nemelex Xobeh.
  5347 | D:8      | Found a staircase to the Lair.
  5375 | Lair:1   | Entered Level 1 of the Lair of Beasts
  5479 | Lair:2   | Reached skill level 9 in Invocations
  5518 | Lair:2   | Reached skill level 7 in Conjurations
  5518 | Lair:2   | Reached skill level 7 in Hexes
  5518 | Lair:2   | Reached skill level 7 in Charms
  5518 | Lair:2   | Reached skill level 7 in Summonings
  5518 | Lair:2   | Reached skill level 7 in Necromancy
  5518 | Lair:2   | Reached skill level 7 in Translocations
  5518 | Lair:2   | Reached skill level 7 in Fire Magic
  5518 | Lair:2   | Reached skill level 7 in Ice Magic
  5518 | Lair:2   | Reached skill level 7 in Air Magic
  5518 | Lair:2   | Reached skill level 9 in Earth Magic
  5518 | Lair:2   | Reached skill level 7 in Poison Magic
  5537 | Lair:2   | Noticed Urug
  5545 | Lair:2   | Killed Urug
  5652 | Lair:3   | Got a faintly glowing shield
  5658 | Lair:3   | Identified the -8 shield "Lusenois" {*Contam +Inv rC+} (You found it on level 3 of the Lair of Beasts)
  5999 | Lair:1   | Reached skill level 10 in Spellcasting
  6105 | Lair:1   | Reached XP level 14. HP: 116/116 MP: 22/28
  6264 | Lair:2   | Found a staircase to the Swamp.
  6273 | Lair:2   | Reached skill level 10 in Dodging
  6289 | Lair:2   | Learned a level 6 spell: Simulacrum
  6290 | Swamp:1  | Entered Level 1 of the Swamp
  6393 | Swamp:1  | Reached skill level 9 in Fighting
  6393 | Swamp:1  | Reached skill level 9 in Short Blades
  6393 | Swamp:1  | Reached skill level 9 in Long Blades
  6393 | Swamp:1  | Reached skill level 9 in Axes
  6393 | Swamp:1  | Reached skill level 9 in Maces & Flails
  6393 | Swamp:1  | Reached skill level 9 in Polearms
  6393 | Swamp:1  | Reached skill level 9 in Staves
  6393 | Swamp:1  | Reached skill level 9 in Slings
  6393 | Swamp:1  | Reached skill level 9 in Bows
  6393 | Swamp:1  | Reached skill level 9 in Crossbows
  6393 | Swamp:1  | Reached skill level 9 in Throwing
  6393 | Swamp:1  | Reached skill level 9 in Armour
  6393 | Swamp:1  | Reached skill level 9 in Shields
  6393 | Swamp:1  | Reached skill level 9 in Unarmed Combat
  6393 | Swamp:1  | Reached skill level 9 in Evocations
  6556 | Swamp:1  | Reached skill level 10 in Stealth
  6558 | Swamp:1  | HP: 7/118 [alligator (10)]
  6659 | Swamp:2  | Reached skill level 8 in Transmutations
  6684 | Swamp:2  | Reached skill level 10 in Invocations
  6684 | Swamp:2  | Killed themself with a badly aimed iceblast

Vault maps used:
D:1:      scummos_arrival_simple_crosswalls, roderic_lattice_a
D:2:      nicolae_overflow_crystal_walls, cheibrodos_gnoll_hut
D:3:      kennysheep_generic_room_5, uniq_robin
D:4:      first_bread, nicolae_alphabet_shops
D:5:      yredelemnul_altar_generic, kennysheep_little_box, serial_undead,
          serial_undead_b, serial_undead_f, serial_undead_e, serial_undead_c,
          serial_undead_a, serial_undead_b
D:6:      kennysheep_mini_moat, serial_corexii_hall,
          corexii_hall_statues_deadend, corexii_hall_statues_u, xom_redecorated
D:7:      nicolae_overflow_hidden_temple, old_standard_altar,
          chequers_temple_overflow_statue_of_worship,
          minmay_temple_entry_junction_2, the_bakery, kennysheep_generic_room_15
D:8:      minmay_blocky_corners, lemuel_crystal_altar, grunt_qazlal_sundering,
          david_lair_shrubbed, uniq_joseph, uniq_pikel
D:9:      grunt_dithmenos_smoke_and_mirrors, overflow_temple_1_default,
          nemelex_xobeh_ov_fountains_minmay
D:11:     statue_in_the_mist_lemuel
D:12:     orc_david_3, corexii_corridor_pit, uniq_maurice
D:13:     serial_ice, serial_ice_m, serial_ice_d, serial_ice_o, serial_ice_b,
          serial_ice_g, serial_ice_n, portal_ice_cave_entry_pillars_2,
          basic_altar, kennysheep_generic_room_4
D:14:     david_vaults_1, hangedman_decor_diamond_cutter
D:15:     gammafunk_depths_entry_grave, nicolae_trove_entry_free_sample,
          nicolae_ru_path_of_blood
Temple:   compressed_dpeg_triangle_lava_temple
Lair:2:   swamp_mist_pool, beast_lair_carwin_9, uniq_urug
Swamp:1:  evilmike_swamp_ruin_wall, swamp_pool5
Swamp:2:  nicolae_swamp_trees_clearing
IceCv:    ice_cave_small_necro

Skill      XL: |  1  2  3  4  5  6  7  8  9 10 11 12 13 14 |
---------------+-------------------------------------------+-----
Transmutations | 2 3 4 5 6 7 8 |  8.0
Spellcasting   | 5 6 7 8 9 10 | 10.4
Invocations    | 1 2 3 4 5 6 7 8 9 10 | 10.0
Fighting       | 1 2 3 4 5 6 7 8 9 |  9.2
Short Blades   | 1 2 3 4 5 6 7 8 9 |  9.2
Long Blades    | 1 2 3 4 5 6 7 8 9 |  9.2
Axes           | 1 2 3 4 5 6 7 8 9 |  9.2
Maces & Flails | 1 2 3 4 5 6 7 8 9 |  9.2
Polearms       | 1 2 3 4 5 6 7 8 9 |  9.2
Staves         | 1 2 3 4 5 6 7 8 9 |  9.2
Slings         | 1 2 3 4 5 6 7 8 9 |  9.2
Bows           | 1 2 3 4 5 6 7 8 9 |  9.2
Crossbows      | 1 2 3 4 5 6 7 8 9 |  9.2
Throwing       | 1 2 3 4 5 6 7 8 9 |  9.2
Armour         | 1 2 3 4 5 6 7 8 9 |  9.2
Shields        | 1 2 3 4 5 6 7 8 9 |  9.2
Unarmed Combat | 1 2 3 4 5 6 7 8 9 |  9.2
Evocations     | 1 2 3 4 5 6 7 8 9 |  9.2
Conjurations   | 1 2 3 4 5 6 7 |  7.6
Hexes          | 1 2 3 4 5 6 7 |  7.6
Charms         | 1 2 3 4 5 6 7 |  7.6
Summonings     | 1 2 3 4 5 6 7 |  7.6
Necromancy     | 1 2 3 4 5 6 7 |  7.6
Translocations | 1 2 3 4 5 6 7 |  7.6
Fire Magic     | 1 2 3 4 5 6 7 |  7.6
Ice Magic      | 1 2 3 4 5 6 7 |  7.6
Air Magic      | 1 2 3 4 5 6 7 |  7.6
Poison Magic   | 1 2 3 4 5 6 7 |  7.6
Dodging        | 5 6 7 8 9 10 | 10.2
Stealth        | 5 6 7 8 9 10 | 10.1
Earth Magic    | 6 7 8 9 |  9.4

Action                   |  1- 3 |  4- 6 |  7- 9 | 10-12 | 13-15 || total
-------------------------+-------+-------+-------+-------+-------++-------
Melee: Quarterstaff      |       |     1 |       |     5 |       ||     6
       Broad axe         |       |       |       |   201 |   213 ||   414
       Bite              |       |       |       |    46 |    56 ||   102
       Punch             |       |       |       |     5 |     3 ||     8
       Dagger            |       |       |       |     3 |       ||     3
 Fire: Hand crossbow     |       |       |       |     6 |       ||     6
Throw: Stone             |       |       |     1 |       |     1 ||     2
 Cast: Sandblast         |    30 |    83 |    94 |   216 |   154 ||   577
       Passwall          |     4 |     4 |       |    22 |    21 ||    51
       Ozocubu's Armour  |       |       |       |    28 |    22 ||    50
       Lee's Rapid Decon |       |       |       |     2 |     1 ||     3
       Fireball          |       |       |       |    36 |    32 ||    68
       Simulacrum        |       |       |       |       |     3 ||     3
Invok: Bend Time         |       |       |       |     1 |       ||     1
       Slouch            |       |       |       |     2 |     4 ||     6
       Temporal Distorti |       |       |       |     1 |       ||     1
Evoke: Wand              |       |       |     2 |    13 |    30 ||    45
  Use: Scroll            |       |     2 |     1 |    15 |     8 ||    26
       Potion            |       |     3 |     2 |     2 |     3 ||    10
 Stab: Sleeping          |       |       |       |     5 |       ||     5
       Distracted        |       |       |       |       |     1 ||     1
       Paralysed         |       |       |       |       |     4 ||     4
  Eat: Royal jelly       |       |     2 |       |     2 |     1 ||     5
       Fruit             |       |     1 |       |     6 |     2 ||     9
       Chunk             |       |       |       |     5 |     1 ||     6
       Meat ration       |       |       |       |       |     1 ||     1
Armor: Robe              |     1 |     6 |    10 |    28 |       ||    45
       Troll leather arm |       |       |       |    95 |   119 ||   214
Dodge: Dodged            |     8 |    29 |    31 |   414 |   426 ||   908
Block: Buckler           |       |       |       |       |   143 ||   143

Table legend:
 A = Spawn XP
 B = Non-spawn XP
 C = Spawn XP percentage of total XP
 D = Spawn monster count
 E = Non-spawn monster count
 F = Spawn count percentage of total count
 G = Total turns spent on level
                    A         B        C        D         E        F      G
               +---------+---------+-------+---------+---------+-------+---------
         Total |       0 |   72277 |   0.0 |       0 |     439 |   0.0 |  6684
               +---------+---------+-------+---------+---------+-------+---------
           D:1 |       0 |      10 |   0.0 |       0 |       7 |   0.0 |   235
           D:2 |       0 |      64 |   0.0 |       0 |      19 |   0.0 |   382
           D:3 |       0 |       6 |   0.0 |       0 |       3 |   0.0 |    59
           D:4 |       0 |     159 |   0.0 |       0 |      13 |   0.0 |   345
           D:5 |       0 |     203 |   0.0 |       0 |       9 |   0.0 |   105
           D:6 |       0 |     203 |   0.0 |       0 |      11 |   0.0 |   297
           D:7 |       0 |     843 |   0.0 |       0 |      14 |   0.0 |   265
           D:8 |       0 |    2910 |   0.0 |       0 |      20 |   0.0 |   389
           D:9 |       0 |    2201 |   0.0 |       0 |      16 |   0.0 |   376
          D:10 |       0 |    4438 |   0.0 |       0 |      30 |   0.0 |   454
          D:11 |       0 |    2846 |   0.0 |       0 |      32 |   0.0 |   645
          D:12 |       0 |    4385 |   0.0 |       0 |      28 |   0.0 |   218
          D:13 |       0 |    9536 |   0.0 |       0 |      49 |   0.0 |   485
          D:14 |       0 |    7005 |   0.0 |       0 |      20 |   0.0 |   326
        Temple |       0 |      84 |   0.0 |       0 |       1 |   0.0 |    24
        Lair:1 |       0 |    2835 |   0.0 |       0 |      15 |   0.0 |   309
        Lair:2 |       0 |   14372 |   0.0 |       0 |      50 |   0.0 |   372
        Lair:3 |       0 |    1684 |   0.0 |       0 |       7 |   0.0 |   234
       Swamp:1 |       0 |    9585 |   0.0 |       0 |      31 |   0.0 |   348
       Swamp:2 |       0 |    2605 |   0.0 |       0 |      11 |   0.0 |    46
         IceCv |       0 |    6303 |   0.0 |       0 |      53 |   0.0 |   742
               +---------+---------+-------+---------+---------+-------+---------

Table legend:
 A = Turns spent in this place as a percentage of turns spent in the entire game.
 B = Non-inter-level travel turns spent in this place as a percentage of non-inter-level travel turns spent in the entire game.
 C = Inter-level travel turns spent in this place as a percentage of turns spent in this place.
 D = Turns resting spent in this place as a percentage of non-inter-level travel turns spent in this place.
 E = Turns spent auto-exploring this place as a percentage of non-inter-level travel turns spent in this place.
 F = Non-inter-level travel turns spent in this place divided by the number of levels of this place that you've seen.
                   A       B       C       D       E      F
               +-------+-------+-------+-------+-------+----------------------
         Total | 100.0 | 100.0 |   0.0 |   0.1 |   0.1 | 303.8
       Dungeon |  69.0 |  69.0 |   0.0 |   0.1 |   0.0 | 307.3
        Temple |   0.4 |   0.4 |   0.0 |   0.0 |   0.0 |  24.0
          Lair |  13.7 |  13.7 |   0.0 |   0.0 |   0.0 | 305.0
         Swamp |   5.9 |   5.9 |   0.0 |   0.0 |   0.0 | 197.0
      Ice Cave |  11.1 |  11.1 |   0.0 |   0.0 |   0.5 | 742.0
               +-------+-------+-------+-------+-------+----------------------

Table legend:
 A = Kills in this place as a percentage of kills in entire the game.
 B = Kills by you in this place as a percentage of kills by you in the entire game.
 C = Kills by friends in this place as a percentage of kills by friends in the entire game.
 D = Other kills in this place as a percentage of other kills in the entire game.
 E = Experience gained in this place as a percentage of experience gained in the entire game.
 F = Experience gained in this place divided by the number of levels of this place that you have seen.
                   A       B       C       D       E      F
               +-------+-------+-------+-------+-------+----------------------
         Total | 100.0 | 100.0 | 100.0 |   N/A | 100.0 | 3285.3
       Dungeon |  61.7 |  62.1 |  50.0 |   N/A |  48.2 | 2320.6
        Temple |   0.2 |   0.2 |   0.0 |   N/A |   0.1 |  84.0
          Lair |  16.4 |  16.9 |   0.0 |   N/A |  26.1 | 6297.0
         Swamp |   9.6 |   8.4 |  50.0 |   N/A |  16.9 | 6095.0
      Ice Cave |  12.1 |  12.4 |   0.0 |   N/A |   8.7 | 6303.0
               +-------+-------+-------+-------+-------+----------------------

Vault maps used:
D:1:      scummos_arrival_simple_crosswalls, roderic_lattice_a
D:2:      nicolae_overflow_crystal_walls, cheibrodos_gnoll_hut
D:3:      kennysheep_generic_room_5, uniq_robin
D:4:      first_bread, nicolae_alphabet_shops
D:5:      yredelemnul_altar_generic, kennysheep_little_box, serial_undead,
          serial_undead_b, serial_undead_f, serial_undead_e, serial_undead_c,
          serial_undead_a, serial_undead_b
D:6:      kennysheep_mini_moat, serial_corexii_hall,
          corexii_hall_statues_deadend, corexii_hall_statues_u, xom_redecorated
D:7:      nicolae_overflow_hidden_temple, old_standard_altar,
          chequers_temple_overflow_statue_of_worship,
          minmay_temple_entry_junction_2, the_bakery, kennysheep_generic_room_15
D:8:      minmay_blocky_corners, lemuel_crystal_altar, grunt_qazlal_sundering,
          david_lair_shrubbed, uniq_joseph, uniq_pikel
D:9:      grunt_dithmenos_smoke_and_mirrors, overflow_temple_1_default,
          nemelex_xobeh_ov_fountains_minmay
D:11:     statue_in_the_mist_lemuel
D:12:     orc_david_3, corexii_corridor_pit, uniq_maurice
D:13:     serial_ice, serial_ice_m, serial_ice_d, serial_ice_o, serial_ice_b,
          serial_ice_g, serial_ice_n, portal_ice_cave_entry_pillars_2,
          basic_altar, kennysheep_generic_room_4
D:14:     david_vaults_1, hangedman_decor_diamond_cutter
D:15:     gammafunk_depths_entry_grave, nicolae_trove_entry_free_sample,
          nicolae_ru_path_of_blood
Temple:   compressed_dpeg_triangle_lava_temple
Lair:2:   swamp_mist_pool, beast_lair_carwin_9, uniq_urug
Swamp:1:  evilmike_swamp_ruin_wall, swamp_pool5
Swamp:2:  nicolae_swamp_trees_clearing
IceCv:    ice_cave_small_necro
